 Dungeon Sprint DCSS version 0.21-a0-221-gfe971b9 (webtiles) character file.

1300000 minicreteconcrete the Slayer (level 16, 0/163 HPs)
             Began as a Demonspawn Fighter on Aug 27, 2017.
             Slain by a bag of meat
             ... wielding a +9 war axe
              (12 damage)
             ... in the Dungeon (Sprint VIII: "Arena of Blood").
             The game lasted 00:00:25 (13 turns).

minicreteconcrete the Slayer (Demonspawn Fighter)     Turns: 13, Time: 00:00:25

Health: 0/163      AC: 12    Str: 17    XL:     16   Next: 27%
Magic:  16/16      EV: 10    Int: 10    God:
Gold:   0          SH:  0    Dex: 23    Spells: 15/15 levels left

rFire    . . .     SeeInvis +   l - +∞ Axe of Woe
rCold    . . .     Gourm    .   (shield currently unavailable)
rNeg     . . .     Faith    .   b - +0 scale mail
rPois    .         Spirit   .   (helmet unavailable)
rElec    .         Reflect  .   (no cloak)
rCorr    .         Harm     .   (no gloves)
MR       +....     NoTele   +   (no boots)
Stlth    ++++......             (no amulet)
HPRegen  0.37/turn              (no ring)
MPRegen  0.15/turn              (no ring)

@: no status effects
A: antennae 3, thin skeletal structure 2, nightstalker 2, spiny 3
a: no special abilities


You were in the Dungeon.
You were not hungry.

You visited 1 branch

Inventory:

Hand Weapons
 a - a +0 war axe
 l - the +∞ Axe of Woe (weapon)
   (You found it in the Dungeon)
Armour
 b - a +0 scale mail (worn)
 c - a +0 shield
Scrolls
 k - a scroll of blinking
Potions
 d - a potion of might
 e - a potion of curing
 g - a potion of heal wounds
 h - a potion of haste
 i - 2 potions of magic
 j - a potion of berserk rage
Comestibles
 f - a bread ration


   Skills:
 + Level 25.4 Fighting
 + Level 18.0 Axes
 + Level 22.9 Armour
 + Level 22.6 Shields


You had 15 spell levels left.
You didn't know any spells.

Dungeon Overview and Level Annotations

Branches:
Dungeon (1/1)

Altars:
Makhleb


Innate Abilities, Weirdness & Mutations

You have a pair of large antennae on your head. (SInv)
You have a moderately thin skeletal structure. (Dex +4, Stealth+)
You are significantly more attuned to the shadows.
You are completely covered in sharp spines.


Message History

Unknown command.
Press < or > to pray at altars.
The bag of meat shouts!
You slice the meat berserker!!
You chop the meat berserker into pieces.
You kill the meat berserker!
Your Fighting skill gained 2 levels and is now at level 25!
Your Axes skill gained 2 levels and is now at level 18!
Your Armour skill increases to level 22!
Your Shields skill increases to level 22!
You have reached level 16!
You feel agile.
Your demonic ancestry asserts itself...
Your bones become somewhat less dense.
You hear a shout! x9
The meat berserker appears out of thin air!
A meat berserker comes into view. It is wielding a +9 battleaxe.
You hear a shout! x7
The bag of meat is struck by your spines.
The bag of meat hits you with a +9 war axe!
You die...

.... .... ... ..
#.. .# . #.. ..#
..###.. ..###.
.......###......
........@..o...
.....#)oO..#...
... #_.<._# .
#....O#
....._.....
......###......
.###.. ..###.
#.. ..# #.. .#


You could see 2 meat berserkers and 2 bags of meat.

Vanquished Creatures
  2 ogres (D)
  5 orcs (D)
7 creatures vanquished.

Notes
Turn   | Place    | Note
-------+----------+-------------------------------------------
     0 | D        | Found the +∞ Axe of Woe
     0 | D        | minicreteconcrete the Demonspawn Fighter began the quest for the Orb.
     0 | D        | Reached XP level 1. HP: 18/18 MP: 1/1
     2 | D        | Noticed a bag of meat
     2 | D        | Noticed a bag of meat
     2 | D        | Noticed a bag of meat
     5 | D        | Noticed a bag of meat
     6 | D        | Noticed a bag of meat
     8 | D        | Noticed a bag of meat
     8 | D        | Noticed a meat berserker
     9 | D        | Killed a bag of meat
     9 | D        | Reached skill level 16 in Fighting
     9 | D        | Gained mutation: You are slightly more attuned to the shadows. [demonic ancestry]
     9 | D        | Reached XP level 2. HP: 45/45 MP: 2/2
     9 | D        | Gained mutation: You have a pair of small antennae on your head. [demonic ancestry]
     9 | D        | Reached XP level 3. HP: 51/51 MP: 3/3
     9 | D        | Gained mutation: You are significantly more attuned to the shadows. [demonic ancestry]
     9 | D        | Reached XP level 4. HP: 58/58 MP: 4/4
     9 | D        | Reached XP level 5. HP: 64/64 MP: 5/5
     9 | D        | Reached XP level 6. HP: 71/71 MP: 6/6
     9 | D        | Gained mutation: You have a pair of antennae on your head. [demonic ancestry]
     9 | D        | Reached XP level 7. HP: 78/78 MP: 7/7
     9 | D        | Gained mutation: You are partially covered in sharp spines. [demonic ancestry]
     9 | D        | Reached XP level 8. HP: 85/85 MP: 8/8
     9 | D        | Gained mutation: You are mostly covered in sharp spines. [demonic ancestry]
     9 | D        | Reached XP level 9. HP: 91/91 MP: 9/9
     9 | D        | Gained mutation: You are completely covered in sharp spines. [demonic ancestry]
     9 | D        | Reached XP level 10. HP: 98/98 MP: 10/10
     9 | D        | Gained mutation: You have a somewhat thin skeletal structure. (Dex +2, Stealth) [demonic ancestry]
     9 | D        | Reached XP level 11. HP: 104/104 MP: 11/11
    10 | D        | Noticed a meat berserker
    10 | D        | Killed a bag of meat
    10 | D        | Reached skill level 18 in Fighting
    10 | D        | Reached skill level 10 in Axes
    10 | D        | Gained mutation: You have a pair of large antennae on your head. (SInv) [demonic ancestry]
    10 | D        | Reached XP level 12. HP: 7/117 MP: 12/12
    10 | D        | Killed a meat berserker
    10 | D        | Reached skill level 21 in Fighting
    10 | D        | Reached XP level 13. HP: 8/130 MP: 13/13
    10 | D        | Reached XP level 14. HP: 8/138 MP: 14/14
    10 | D        | Killed a bag of meat
    10 | D        | Reached skill level 22 in Fighting
    10 | D        | Killed a bag of meat
    10 | D        | Reached skill level 23 in Fighting
    10 | D        | Reached skill level 15 in Axes
    10 | D        | Reached XP level 15. HP: 9/149 MP: 15/15
    13 | D        | Killed a meat berserker
    13 | D        | Reached skill level 25 in Fighting
    13 | D        | Gained mutation: You have a moderately thin skeletal structure. (Dex +4, Stealth+) [demonic ancestry]
    13 | D        | Reached XP level 16. HP: 11/163 MP: 16/16
    13 | D        | Slain by a bag of meat

Vault maps used:
D:        meatsprint

Skill      XL: |  1  2  3  4  5  6  7  8  9 10 11 12 13 14 15 |
---------------+----------------------------------------------+-----
Fighting       | 16 18 21 23 25 | 25.4
Axes           | 9 10 13 15 18 | 18.0
Armour         | 14 16 19 20 22 | 22.9
Shields        | 14 16 19 20 22 | 22.6

Action                   |  1- 3 |  4- 6 |  7- 9 | 10-12 | 13-15 | 16-18 || total
-------------------------+-------+-------+-------+-------+-------+-------++-------
Melee: Executioner's axe |     1 |       |       |     1 |     2 |       ||     4

Table legend:
 A = Spawn XP
 B = Non-spawn XP
 C = Spawn XP percentage of total XP
 D = Spawn monster count
 E = Non-spawn monster count
 F = Spawn count percentage of total count
 G = Total turns spent on level
                    A         B        C        D         E        F      G
               +---------+---------+-------+---------+---------+-------+---------
         Total |       0 |  170280 |   0.0 |       0 |       7 |   0.0 |    13
               +---------+---------+-------+---------+---------+-------+---------
             D |       0 |  170280 |   0.0 |       0 |       7 |   0.0 |    13
               +---------+---------+-------+---------+---------+-------+---------
